 Dungeon Crawl Stone Soup version 0.24-a0-368-g0e0cebd0f3 (webtiles) character file.

Game seed: 7290821955066064807

6140 Ijustatesigmund the Basher (level 10, -1/72 HPs)
             Began as an Octopode Fighter on May 28, 2019.
             Was a Believer of Cheibriados.
             Slain by an ice beast (14 damage)
             ... on level 9 of the Dungeon on May 29, 2019.
             The game lasted 00:22:01 (7309 turns).

Ijustatesigmund the Basher (Octopode Fighter)       Turns: 7309, Time: 00:22:02

Health: -1/72      AC:  1    Str: 19    XL:     10   Next: 90%
Magic:  5/14       EV: 15    Int: 15    God:    Cheibriados [**....]
Gold:   376        SH: 13    Dex: 19    Spells: 9/9 levels left

rFire    . . .     SeeInvis .   a - +6 morningstar (elec)
rCold    . . .     Gourm    .   b - +3 shield
rNeg     . . .     Faith    .   (helmet restricted)
rPois    .         Spirit   .   n - amulet of regeneration
rElec    .         Reflect  .   l - ring of resist corrosion
rCorr    +         Harm     .   w - ring of flight
MR       +....                  y - ring of protection from magic
Stlth    ++++......             (no ring)
HPRegen  0.62/turn              (no ring)
MPRegen  0.14/turn              (no ring)
                                (no ring)
                                (no ring)

@: very slightly contaminated, very slow
A: almost no armour, stealthy swim, amphibious, 8 rings, constrict 8, camouflage
1, gelatinous body 1
a: Bend Time, Renounce Religion, Evoke Flight


You were on level 9 of the Dungeon.
You worshipped Cheibriados.
Cheibriados was pleased with you.
You were not hungry.

You visited 2 branches of the dungeon, and saw 9 of its levels.
You also visited: Ossuary.

You collected 376 gold pieces.

Inventory:

Hand Weapons
 a - a +6 morningstar of electrocution (weapon)
 j - a +0 mace of holy wrath
 k - a +1 vampiric whip
Armour
 b - a +3 shield (worn)
Jewellery
 l - a ring of resist corrosion (left tentacle)
 n - an amulet of regeneration (around mantle)
 w - a ring of flight (right tentacle)
 y - a ring of protection from magic (on tentacle)
 z - an uncursed ring of protection from magic
Wands
 m - a wand of flame (11)
 x - a wand of iceblast (10)
Scrolls
 c - a scroll of teleportation
 e - a scroll of fog
 i - 3 scrolls of remove curse
 s - a scroll of immolation
 v - 4 scrolls of fear
Potions
 f - 3 potions of lignification
 p - 2 potions of flight
 q - a potion of brilliance
 r - 6 potions of curing
 t - a potion of invisibility {unknown}
 u - 2 potions of might
 A - 2 potions of resistance {unknown}
Comestibles
 d - 11 rations


   Skills:
 - Level 8.2 Fighting
 - Level 10.9 Maces & Flails
 + Level 5.3 Dodging
 + Level 6.1 Stealth
 + Level 5.3 Shields
 * Level 5.4 Invocations


You had 9 spell levels left.
You didn't know any spells.
Your spell library was empty.

Dungeon Overview and Level Annotations

Branches:
Dungeon (9/15)             Temple (1/1) D:7
   Lair: D:8-11         Orc: D:9-12

Altars:
Ashenzari
Cheibriados
Dithmenos
Elyvilon
Fedhas
Gozag
Hepliaklqana
Kikubaaqudgha
Makhleb
Nemelex Xobeh
Okawaru
Ru
Sif Muna
Trog
Uskayaw
Vehumet
Wu Jian
Xom
Yredelemnul
Zin
The Shining One

Shops:
D:4 %


Innate Abilities, Weirdness & Mutations

You cannot wear most types of armour.
You are very stealthy in the water. (Stealth+)
You are amphibious.
You can wear up to eight rings at the same time.
You can use your tentacles to constrict eight enemies at once.
Your skin changes colour to match your surroundings (Stealth+).
Your rubbery body absorbs attacks. (AC +1, EV +1)


Message History

You block the orc's attack. The ice beast hits you. The ice beast freezes you!
* * * LOW HITPOINT WARNING * * *
You block the orc's attack. The ice beast misses you.
The orc barely misses you.
Found 9 gold pieces.
Items here: ( )))))) [[[[[[ †††† You bludgeon the orc!!
You kill the orc!
Cheibriados appreciates the change of pace.
The ice beast closely misses you.
You puncture the ice beast!
The ice beast is moderately wounded.
You block the ice beast's attack.
You hit the ice beast. You squeeze the ice beast!
The ice beast is almost dead.
The ice beast hits you.
* * * LOW HITPOINT WARNING * * *
The ice beast freezes you!
You die...

###.#...###... #
#.##........ .
#.#.......$. #.
#####.<>....##.#.
#.####......##........
#..?....#...........##
##............###.##..#
##........# !.# #. H ..
#.....)@)†#..# . ###
....[.Y#.....#
$......#.....#
.......#...###
#.....##...# #.....
#...# ...... #...#
...... #####


You could see an ice beast.

Vanquished Creatures
  A two-headed ogre (D:8)
  Joseph (D:7)
  A gargoyle (D:9)
  A troll (D:9)
  A hippogriff (D:9)
  A spriggan (D:7)
  Sigmund (D:5)
  A wyvern (D:8)
  Menkaure (D:7)
  A sky beast (D:8)
  2 eyes of draining (D:9)
  2 orc warriors (D:9)
  A hornet zombie (Ossuary)
  2 ogres
  A phantom (D:4)
  3 centaurs
  A big kobold (D:9)
  Blork the orc (D:8)
  3 bullfrogs (D:7)
  A scorpion (D:4)
  A howler monkey (D:5)
  4 wights (D:8)
  A quasit (D:7)
  2 centaur zombies (Ossuary)
  3 crimson imps
  2 bullfrog zombies (Ossuary)
  A jelly (D:5)
  3 centaur skeletons
  7 orc priests
  5 hounds
  14 orc wizards
  4 iguanas
  17 mummies (Ossuary)
  4 worker ants
  A killer bee zombie (Ossuary)
  A hound zombie (Ossuary)
  A hound skeleton (D:4)
  Robin (D:2)
  4 gnolls
  4 worker ant zombies
  12 adders
  2 adder zombies (Ossuary)
  An ooze (D:2)
  5 adder skeletons
  2 worms
  A dart slug (D:1)
  3 leopard geckos
  47 orcs
  3 bats
  3 giant cockroaches
  18 goblins
  8 hobgoblins
  4 jackals
  3 quokkas
  3 ball pythons
  5 frilled lizards
  2 jackal zombies (Ossuary)
  8 kobolds
  A leopard gecko zombie (Ossuary)
  A quokka zombie (D:7)
  3 rats
  2 fungi (D:3)
244 creatures vanquished.

Vanquished Creatures (others)
  A quokka (D:7)
  A withered plant (Ossuary)
2 creatures vanquished.

Grand Total: 246 creatures vanquished

Notes
Turn   | Place    | Note
-------+----------+-------------------------------------------
     0 | D:1      | Ijustatesigmund the Octopode Fighter began the quest for
                  | the Orb.
     0 | D:1      | Reached XP level 1. HP: 16/16 MP: 1/1
    44 | D:1      | Reached XP level 2. HP: 12/21 MP: 2/2
   546 | D:1      | Reached skill level 3 in Maces & Flails
   546 | D:1      | Reached XP level 3. HP: 24/26 MP: 3/3
  1062 | D:2      | Reached XP level 4. HP: 30/33 MP: 4/4
  1072 | D:2      | Noticed Robin
  1093 | D:2      | Killed Robin
  1093 | D:2      | Reached skill level 4 in Maces & Flails
  1792 | D:3      | Found a blossoming altar of Fedhas.
  1835 | D:3      | Reached XP level 5. HP: 33/37 MP: 5/5
  1911 | D:3      | Found a glowing golden altar of the Shining One.
  2311 | D:3      | Reached skill level 5 in Maces & Flails
  2311 | D:3      | Reached XP level 6. HP: 31/44 MP: 6/6
  2558 | D:3      | Found a faded altar of an unknown god.
  2873 | D:4      | Found a glowing silver altar of Zin.
  2918 | D:4      | Found a hazy altar of Hepliaklqana.
  2989 | D:4      | Found Yritha's Food Shoppe.
  2999 | D:4      | Reached skill level 6 in Maces & Flails
  3015 | D:4      | Reached skill level 5 in Fighting
  3015 | D:4      | Reached XP level 7. HP: 36/50 MP: 7/7
  3206 | D:4      | Found a sand-covered staircase.
  3219 | Ossuary  | Entered an ossuary
  3444 | Ossuary  | Reached skill level 7 in Maces & Flails
  3682 | Ossuary  | Reached XP level 8. HP: 55/57 MP: 8/8
  3771 | Ossuary  | Reached skill level 8 in Maces & Flails
  4205 | D:5      | Entered Level 5 of the Dungeon
  4235 | D:5      | Noticed Sigmund
  4244 | D:5      | Killed Sigmund
  4244 | D:5      | Reached skill level 9 in Maces & Flails
  4327 | D:5      | Found a shattered altar of Ashenzari.
  4370 | D:5      | Reached XP level 9. HP: 64/64 MP: 9/9
  4388 | D:5      | Found an ancient bone altar of Kikubaaqudgha.
  4612 | D:5      | Found an ornate altar of the Wu Jian Council.
  4688 | D:5      | You fall into a shaft and drop 2 floors!
  4767 | D:7      | Found a shimmering altar of Xom.
  4811 | D:7      | Noticed Joseph
  4820 | D:7      | Killed Joseph
  4820 | D:7      | Reached skill level 10 in Maces & Flails
  5036 | D:7      | Found a staircase to the Ecumenical Temple.
  5153 | D:7      | Noticed Menkaure
  5158 | D:7      | Killed Menkaure
  5289 | D:7      | Reached skill level 1 in Stealth
  5493 | D:7      | Reached XP level 10. HP: 57/72 MP: 10/10
  5617 | D:7      | Found a white marble altar of Elyvilon.
  5870 | Temple   | Entered the Ecumenical Temple
  5945 | Temple   | Became a worshipper of Cheibriados the Contemplative
  6020 | D:8      | Found a radiant altar of Vehumet.
  6036 | D:8      | Reached skill level 1 in Invocations
  6335 | D:8      | Reached * piety under Cheibriados
  6435 | D:8      | Noticed Blork the orc
  6441 | D:8      | Found a deep blue altar of Sif Muna.
  6442 | D:8      | Killed Blork the orc
  6512 | D:8      | Found an iron altar of Okawaru.
  6530 | D:8      | Noticed a two-headed ogre
  6534 | D:8      | Killed a two-headed ogre
  6916 | D:9      | Reached skill level 5 in Stealth
  6998 | D:9      | Noticed a gargoyle
  7008 | D:9      | Killed a gargoyle
  7120 | D:9      | Noticed a two-headed ogre
  7210 | D:9      | Reached skill level 5 in Dodging
  7210 | D:9      | Reached skill level 5 in Shields
  7266 | D:9      | Found a bloodstained altar of Trog.
  7283 | D:9      | Reached skill level 5 in Invocations
  7304 | D:9      | Reached ** piety under Cheibriados
  7309 | D:9      | Slain by an ice beast

Levels and vault maps discovered:
D:1:      minmay_arrival_shattered_statue, layout_basic,
          grunt_decor_mini_mirrors
D:2:      layout_loops_ring, uniq_robin
D:3:      layout_basic, lemuel_crystal_altar,
          chequers_ecumenical_altar_simple_redux, fedhas_altar_3
D:4:      layout_loops_ring, lemuel_crystal_altar, lemuel_crystal_altar,
          nicolae_ossuary_entry_monument, serial_shops, shop
D:5:      layout_loops_ring, nicolae_ashenzari_panopticon,
          nicolae_overflow_crystal_walls, nicolae_overflow_hidden_temple,
          first_ration, nrook_mini_backslash, uniq_sigmund
D:7:      layout_basic, old_standard_altar, elyvilon_altar_4,
          minmay_temple_entry_junction_2, grunt_ministairs_4, the_bakery,
          uniq_joseph, uniq_menkaure
D:8:      layout_loops_corners, tgw_sif, okawaru_metal_pillars_1_2,
          vehumet_altar_wand_db
D:9:      layout_rooms, trog_eyes_of_draining, david_orc_5, patterned_corridor
Temple:   dpeg_three_leaves_temple

Skill      XL: |  1  2  3  4  5  6  7  8  9 10 |
---------------+-------------------------------+-----
Maces & Flails | 3 4 5 6 7 9 10 | 10.9
Fighting       | 4 5 7 8 |  8.2
Stealth        | 2 6 |  6.1
Dodging        | 5 |  5.3
Shields        | 5 |  5.3
Invocations    | 5 |  5.4

Action                   |  1- 3 |  4- 6 |  7- 9 | 10-12 || total
-------------------------+-------+-------+-------+-------++-------
Melee: Flail             |    61 |    80 |       |       ||   141
       Tentacles         |     9 |    27 |    43 |    32 ||   111
       Constrict         |    18 |    31 |    55 |    24 ||   128
       Whip              |       |    46 |    53 |       ||    99
       Mace              |       |       |    80 |       ||    80
       Morningstar       |       |       |   114 |   133 ||   247
Invok: Bend Time         |       |       |       |     1 ||     1
  Use: Scroll            |     1 |     7 |    17 |     8 ||    33
       Potion            |       |     3 |     4 |     3 ||    10
 Stab: Sleeping          |     6 |     3 |     7 |     5 ||    21
       Distracted        |       |       |     1 |       ||     1
  Eat: Chunk             |       |     4 |     4 |     4 ||    12
       Ration            |       |     1 |     1 |     1 ||     3
Armor: Skin              |     3 |     4 |    76 |     2 ||    85
Dodge: Dodged            |    30 |    38 |    78 |    74 ||   220
Block: Shield            |    31 |    42 |   126 |    91 ||   290

Table legend:
 A = Non-vault XP
 B = Vault XP
 C = Vault XP percentage of total XP
 D = Non-vault monster count
 E = Vault monster count
 F = Vault count percentage of total count
                 A         B        C        D         E       F
            +---------+---------+-------+---------+---------+-------
      Total |    6322 |    2450 |  27.9 |     190 |      52 |  21.5
            +---------+---------+-------+---------+---------+-------
        D:1 |      43 |       0 |   0.0 |      16 |       0 |   0.0
        D:2 |      75 |      38 |  33.6 |      23 |      12 |  34.3
        D:3 |     250 |       0 |   0.0 |      25 |       0 |   0.0
        D:4 |     527 |       0 |   0.0 |      23 |       0 |   0.0
        D:5 |     478 |     212 |  30.7 |      19 |       1 |   5.0
        D:7 |    1529 |     852 |  35.8 |      38 |       3 |   7.3
        D:8 |    1836 |     101 |   5.2 |      24 |       2 |   7.7
        D:9 |    1584 |     356 |  18.4 |      22 |       3 |  12.0
    Ossuary |       0 |     891 | 100.0 |       0 |      31 | 100.0
            +---------+---------+-------+---------+---------+-------
